 Dungeon Crawl Stone Soup version 0.26-a0-812-g31a745ddcd (webtiles) character file.

Game seed: 7289446125882243492

27 funkygono the Covert (level 2, -2/18 HPs)
             Began as a Vampire Delver on Nov 22, 2020.
             Slain by a hound (3 damage)
             ... on level 4 of the Dungeon.
             The game lasted 00:01:51 (342 turns).

funkygono the Covert (Vampire Delver)                Turns: 342, Time: 00:01:52

Health: -2/18      AC:  3    Str: 11    XL:     2   Next: 93%
Magic:  2/2        EV: 12    Int: 12    God:
Gold:   86         SH:  0    Dex: 15    Spells: 1/1 levels left

rFire    . . .     SeeInvis +   a - +0 short sword
rCold    + + .     Faith    .   (no shield)
rNeg     + + +     Spirit   .   b - +0 leather armour
rPois    ∞         Reflect  .   (no helmet)
rElec    .         Harm     .   (no cloak)
rCorr    .         Rampage  .   (no gloves)
MR       .....                  (no boots)
Stlth    +++++.....             j - amulet of the acrobat
HPRegen  0.00/turn              k - ring of attention (curse)
MPRegen  0.08/turn              (no ring)

@: bloodless, hasted, very quick
A: fangs 3, see invisible, unbreathing
a: Revivify


You were on level 4 of the Dungeon.
You visited 1 branch of the dungeon, and saw 2 of its levels.

You collected 86 gold pieces.

Inventory:

Hand Weapons
 a - a +0 short sword (weapon)
Armour
 b - a +0 leather armour (worn)
 i - a +0 chain mail
Jewellery
 j - an amulet of the acrobat (around neck)
 k - a cursed ring of attention (left hand)
Wands
 g - a wand of digging (3)
Scrolls
 c - a scroll of fog
 d - a scroll of magic mapping
 e - a scroll of fear
 h - a scroll of enchant weapon {unknown}


   Skills:
 + Level 2.8 Fighting
 + Level 2.3 Short Blades
 + Level 2.2 Dodging
 + Level 8.2 Stealth


You had one spell level left.
You didn't know any spells.
Your spell library was empty.

Dungeon Overview and Level Annotations

Branches:
Dungeon (5/15)
 Temple: D:4-7

Altars:

Shops:
D:5 (

Annotations:
D:4 Menkaure


Innate Abilities, Weirdness & Mutations

You do not regenerate when monsters are visible.
You are frail without blood (-20% HP).
You can heal yourself when you bite living creatures.
You are immune to poison.
You have razor-sharp teeth.
You have supernaturally acute eyesight. (SInv)
You can survive without breathing.


Message History

There is a stone staircase leading down here.
The hound closely misses you.
You hit the hound but do no damage. The hound barely misses you.
You hit the hound.
The hound is moderately wounded.
The hound barely misses you.
You hit the hound. You bite the hound, but do no damage.
The hound is moderately wounded.
The hound completely misses you.
You completely miss the hound.
The hound is moderately wounded.
You closely miss the hound. Your bite misses the hound.
The hound is moderately wounded.
The hound barely misses you.
Menkaure, Prince of Dust comes into view.
Menkaure shouts!
You hit the hound but do no damage.
The hound is moderately wounded.
The hound bites you.
You die...

#.# ...
##M##
#...#
#...#
#... #
#.##h##.#
#...>@..#
####.####
...#
#####


You could see Menkaure and a hound.

Vanquished Creatures
  A hound skeleton (D:5)
  An adder (D:5)
  A leopard gecko (D:5)
  An orc (D:5)
  A giant cockroach zombie (D:5)
  A quokka skeleton (D:5)
6 creatures vanquished.

Notes
Turn   | Place    | Note
-------+----------+-------------------------------------------
     0 | D:5      | funkygono the Vampire Delver began the quest for the Orb.
     0 | D:5      | Reached XP level 1. HP: 17/17 MP: 1/1
    36 | D:5      | Reached XP level 2. HP: 23/23 MP: 2/2
   141 | D:5      | Reached skill level 8 in Stealth
   277 | D:5      | Found Neyttew's Weapon Boutique.
   341 | D:4      | Noticed Menkaure
   342 | D:4      | Slain by a hound

Illustrated notes

Levels and vault maps discovered:
D:4:      layout_loops_cross, overflow_temple_1_default, kennysheep_mini,
          hex_tiny, minmay_misc_feat_tower, roderic_roman_lattice, uniq_menkaure
D:5:      layout_basic, marbit_many_paths, serial_shops, kennysheep_little_box

Skill      XL: |  1  2 |
---------------+-------+-----
Stealth        | 8 |  8.2
Fighting       | |  2.8
Short Blades   | |  2.3
Dodging        | |  2.2

Action                   || total
-------------------------++-------
Melee: Short sword       ||    26
       Bite              ||     3
 Abil: Exsanguinate      ||     1
       Revivify          ||     1
  Use: Potion            ||     1
 Stab: Sleeping          ||     4
Dodge: Dodged            ||    25

Table legend: (Time is in decaauts)
 A = Elapsed time spent in this place.
 B = Non-inter-level travel time spent in this place.
 C = Inter-level travel time spent in this place.
 D = Time resting spent in this place.
 E = Time spent auto-exploring this place.
 F = Levels seen in this place.
 G = Mean time per level.
                   A        B        C        D        E       F      G
               +--------+--------+--------+--------+--------+-----+--------+
         Total |    333 |    333 |      0 |      0 |    228 |   2 |  166.5 |
       Dungeon |    333 |    333 |      0 |      0 |    228 |   2 |  166.5 |
               +--------+--------+--------+--------+--------+-----+--------+

Top non-repeatable levels by time:
     D:5: 329 daAuts
     D:4: 4 daAuts
